 Dungeon Crawl Stone Soup version 0.22-a0-877-g5c4e1afb51 (webtiles) character file.

55 LLavrengius the Stinger (level 3, -1/23 HPs)
             Began as an Octopode Venom Mage on July 29, 2018.
             Slain by a hobgoblin
             ... wielding a +0 club
              (2 damage)
             ... on level 2 of the Dungeon.
             The game lasted 00:08:39 (1174 turns).

LLavrengius the Stinger (Octopode Venom Mage)       Turns: 1174, Time: 00:08:39

Health: -1/23      AC:  1    Str:  7    XL:     3   Next: 93%
Magic:  0/6        EV: 13    Int: 18    God:
Gold:   32         SH:  0    Dex: 12    Spells: 3/6 levels left

rFire    x . .     SeeInvis .   (no weapon)
rCold    + . .     Gourm    .   (no shield)
rNeg     . . .     Faith    .   (helmet restricted)
rPois    .         Spirit   .   (no amulet)
rElec    .         Reflect  .   j - ring of ice
rCorr    .         Harm     .   (no ring)
MR       .....                  (no ring)
Stlth    +++.......             (no ring)
HPRegen  0.07/turn              (no ring)
MPRegen  0.10/turn              (no ring)
                                (no ring)
                                (no ring)

@: no status effects
A: almost no armour, stealthy swim, amphibious, 8 rings, constrict 8, camouflage
1, gelatinous body 1
a: no special abilities


You were on level 2 of the Dungeon.
You were not hungry.

You visited 1 branch of the dungeon, and saw 2 of its levels.

You collected 32 gold pieces.

Inventory:

Missiles
 a - 17 sling bullets
 c - 72 stones (quivered)
 h - 27 bolts
Jewellery
 j - a ring of ice (left tentacle)
Scrolls
 d - a scroll of amnesia {unknown}
 e - a scroll of fear {unknown}
 g - 3 scrolls of fog {unknown}
 i - a scroll of identify {unknown}
Potions
 f - a potion of curing {unknown}
Comestibles
 b - 3 rations
 k - a chunk of flesh


   Skills:
 + Level 1.6 Fighting
 - Level 2.0 Dodging
 - Level 2.6 Stealth
 - Level 2.0 Spellcasting
 - Level 2.0 Conjurations
 + Level 1.1 Air Magic
 + Level 4.3 Poison Magic


You had 3 spell levels left.
You knew the following spells:

 Your Spells              Type           Power        Failure   Level  Hunger
a - Sting                 Conj/Pois      ##..         4%          1    #......
b - Poisonous Vapours     Pois/Air       ##....       9%          2    ###....

Your spell library contained the following spells:

 Spells                   Type           Power        Failure   Level  Hunger
 Mephitic Cloud           Conj/Pois/Air  ##......     21%         3    ###....
 Venom Bolt               Conj/Pois      ##........   80%         5    ######.
 Olgreb's Toxic Radiance  Pois           ###.....     30%         4    #####..


Dungeon Overview and Level Annotations

Branches:
Dungeon (2/15)

Altars:
Ashenzari


Innate Abilities, Weirdness & Mutations

You cannot wear most types of armour.
You are very stealthy in the water. (Stealth+)
You are amphibious.
You can wear up to eight rings at the same time.
You can use your tentacles to constrict eight enemies at once.
Your skin changes colour to match your surroundings (Stealth+).
Your rubbery body absorbs attacks. (AC +1, EV +1)


Message History

The gnoll is heavily wounded.
You constrict the gnoll. The gnoll hits you with a club. The gnoll hits you.
* * * LOW HITPOINT WARNING * * *
You tentacle-slap the gnoll.
The gnoll is almost dead.
You constrict the gnoll.
You kill the gnoll!
Your Air Magic skill increases to level 1!
The gnoll barely misses you.
You tentacle-slap the gnoll. Your grab misses the gnoll.
The gnoll is almost dead.
The hobgoblin barely misses you. The gnoll barely misses you.
You barely miss the gnoll. Your grab misses the gnoll.
The gnoll is almost dead.
The hobgoblin barely misses you. The gnoll closely misses you.
You tentacle-slap the gnoll but do no damage.
Your grab misses the gnoll.
The gnoll is almost dead.
The hobgoblin hits you with a club.
You die...

#.# ..# .. #. ####
#.## ... #..####.#
#<..#..# ##....##
#..#@g## .
....###g.### ...
...######....#.....
#.# #........).._.
. .......##.#.?...
....#### ## ....
#### ... .# )


You could see a gnoll and a hobgoblin.

Vanquished Creatures
  2 gnolls (D:2)
  2 dart slugs (D:1)
  2 leopard geckos (D:1)
  A ball python (D:1)
  4 giant cockroaches (D:1)
  2 hobgoblins (D:1)
  4 kobolds (D:1)
  4 bats (D:1)
  4 frilled lizards
  4 goblins (D:1)
  2 rats (D:1)
31 creatures vanquished.

Notes
Turn   | Place    | Note
-------+----------+-------------------------------------------
     0 | D:1      | LLavrengius the Octopode Venom Mage began the quest for the Orb.
     0 | D:1      | Reached XP level 1. HP: 11/11 MP: 3/3
    93 | D:1      | Reached XP level 2. HP: 18/18 MP: 1/5
   357 | D:1      | Reached skill level 1 in Fighting
   421 | D:1      | Learned a level 2 spell: Poisonous Vapours
   438 | D:1      | Reached skill level 4 in Poison Magic
   651 | D:1      | Reached XP level 3. HP: 23/23 MP: 0/6
  1158 | D:2      | Found a shattered altar of Ashenzari.
  1170 | D:2      | HP: 1/23 [gnoll (6)]
  1171 | D:2      | Reached skill level 1 in Air Magic
  1174 | D:2      | Slain by a hobgoblin

Vault maps used:
D:1:      scummos_arrival_forest
D:2:      lemuel_round_altar, kennysheep_cross_room

Skill      XL: |  1  2  3 |
---------------+----------+-----
Fighting       | 1 |  1.6
Poison Magic   | 4 |  4.3
Conjurations   | 2 |  2.0
Air Magic      | 1 |  1.1
Dodging        | |  2.0
Stealth        | |  2.6
Spellcasting   | |  2.0

Action                   || total
-------------------------++-------
Melee: Unarmed           ||    59
       Constrict         ||    17
       Tentacles         ||     9
Throw: Stone             ||     1
 Cast: Sting             ||    20
       Poisonous Vapours ||     5
 Stab: Sleeping          ||     5
  Eat: Chunk             ||     1
Dodge: Dodged            ||    48

Table legend:
 A = Spawn XP
 B = Non-spawn XP
 C = Spawn XP percentage of total XP
 D = Spawn monster count
 E = Non-spawn monster count
 F = Spawn count percentage of total count
 G = Total turns spent on level
                    A         B        C        D         E        F      G
               +---------+---------+-------+---------+---------+-------+---------
         Total |       0 |      79 |   0.0 |       0 |      31 |   0.0 |  1174
               +---------+---------+-------+---------+---------+-------+---------
           D:1 |       0 |      50 |   0.0 |       0 |      28 |   0.0 |  1147
           D:2 |       0 |      29 |   0.0 |       0 |       3 |   0.0 |    27
               +---------+---------+-------+---------+---------+-------+---------
